 Dungeon Crawl Stone Soup version 0.25-a0-479-g8579842fd4 (webtiles) character file.

Game seed: 917809748609442942, levelgen mode: deterministic

387 Kohma the Stinger (level 6, -2/45 HPs)
             Began as a Draconian Venom Mage on Feb 9, 2020.
             Was a Follower of Vehumet.
             Killed from afar by an orc wizard (5 damage)
             ... with a magic dart
             ... on level 3 of the Dungeon.
             The game lasted 00:09:36 (4020 turns).

Kohma the Stinger (Draconian Venom Mage)            Turns: 4020, Time: 00:09:36

Health: -2/45      AC:  7    Str: 16    XL:     6   Next: 49%
Magic:  1/11       EV: 12    Int: 17    God:    Vehumet [*.....]
Gold:   175        SH:  0    Dex: 11    Spells: 2/12 levels left

rFire    . . .     SeeInvis .   r - +2 dagger (venom)
rCold    . . .     Gourm    .   (no shield)
rNeg     . . .     Faith    .   (armour unavailable)
rPois    .         Spirit   .   (helmet restricted)
rElec    .         Reflect  .   (no cloak)
rCorr    .         Harm     .   (no gloves)
MR       .....                  u - +0 pair of boots
Stlth    ++........             (no amulet)
HPRegen  0.15/turn              (no ring)
MPRegen  0.12/turn              (no ring)

@: mighty, slowed, very slow
A: unfitting armour, cold-blooded, AC +6
a: Renounce Religion


You were on level 3 of the Dungeon.
You worshipped Vehumet.
Vehumet was aware of your devotion.
You were not hungry.

You visited 1 branch of the dungeon, and saw 4 of its levels.

You collected 175 gold pieces.

Inventory:

Hand Weapons
 r - a +2 dagger of venom (weapon)
Missiles
 a - 94 stones
 f - a throwing net
 i - 60 sling bullets
 q - 6 poisoned darts (quivered)
Armour
 l - a +0 shield
 u - a +0 pair of boots (worn)
Jewellery
 e - an uncursed amulet of rage {unknown}
 o - an uncursed ring of protection from magic {unknown}
Wands
 t - a wand of flame (18)
Scrolls
 h - a scroll of enchant armour {unknown}
 j - 2 scrolls of identify {unknown}
 k - 6 scrolls of teleportation {unknown}
 m - a scroll of immolation {unknown}
 p - 4 scrolls of remove curse {unknown}
 s - a scroll of amnesia {unknown}
Potions
 c - a potion of might
 d - a potion of curing {unknown}
 g - a potion of berserk rage {unknown}
 n - a potion of degeneration {unknown}
Comestibles
 b - 5 rations


   Skills:
 - Level 1.7 Dodging
 - Level 1.7 Stealth
 + Level 3.6 Spellcasting
 + Level 2.0 Conjurations
 - Level 1.0 Transmutations
 - Level 2.0 Air Magic
 * Level 5.6 Poison Magic


You had 2 spell levels left.
You knew the following spells:

 Your Spells              Type           Power        Failure   Level  Hunger
a - Sting                 Tmut/Pois      ##..         4%          1    None
b - Poisonous Vapours     Pois/Air       ###...       5%          2    ##.....
c - Mephitic Cloud        Conj/Pois/Air  ##......     13%         3    ###....
d - Olgreb's Toxic Radia  Pois           ###.....     16%         4    ####...

Your spell library contained the following spells:

 Spells                   Type           Power        Failure   Level  Hunger
 Freeze                   Ice            #...         17%         1    None
 Ignite Poison            Fire/Tmut/Pois ##......     21%         3    ###....


Dungeon Overview and Level Annotations

Branches:
Dungeon (4/15)
 Temple: D:4-7

Altars:
Okawaru
Vehumet


Innate Abilities, Weirdness & Mutations

Your plain brown scales are hard. (AC +6)
You cannot fit into any form of body armour.
You are cold-blooded and may be slowed by cold attacks.


Message History

The orc warrior hits you with a +0 glaive!
* * * LOW HITPOINT WARNING * * *
There is a stone staircase leading up, spattered with blood here.
The quokka barely misses you.
The orc priest calls down the wrath of Beogh upon you.
Pain shoots through your body!
* * * LOW HITPOINT WARNING * * *
The orc wizard hits you with a +0 dagger.
* * * LOW HITPOINT WARNING * * *
The orc warrior closely misses you.
You climb upwards.
There is a stone staircase leading down here.
It was a potion of might.
You feel very mighty all of a sudden.
The quokka bites you but does no damage.
The orc priest hits you.
* * * LOW HITPOINT WARNING * * *
The orc wizard casts a spell at you. The magic dart hits you.
You die...

.###########.#.#.#.#######...####
...............#.#.#.............
.###########..##.#.#.#####.......
.#......................(.......#
........#####..#.#.#.#........#.#
......#................########.#
#........#####...#.#.............
#....###......#.oo..#..########.#
#..#.#[#.#..<..o@r..<..# #.#
.....#.#.....#...##....# #.#
.#.........#.....#.....# #.#
....##.##......#.#.#...# #.#
###.#...#.###....#.#...# #..
#.....)...).#.#..#..#.## ###
###.#...#.###....##.#.#
....##.##....(#####.#.#
.#.........#...# #.#.#


You could see an orc warrior, an orc priest, an orc wizard and a quokka.

Vanquished Creatures
  An ogre (D:4)
  A bullfrog (D:2)
  A crimson imp (D:2)
  2 orc priests (D:3)
  Jessica (D:3)
  A hound skeleton (D:4)
  3 adders (D:3)
  2 oozes
  An adder skeleton (D:4)
  4 worms
  2 leopard geckos
  3 orcs (D:3)
  9 bats
  A giant cockroach (D:2)
  3 goblins
  6 hobgoblins
  4 jackals (D:3)
  A quokka (D:3)
  3 frilled lizards
  7 kobolds
  8 rats
64 creatures vanquished.

Notes
Turn   | Place    | Note
-------+----------+-------------------------------------------
     0 | D:1      | Kohma the Draconian Venom Mage began the quest for the Orb.
     0 | D:1      | Reached XP level 1. HP: 14/14 MP: 3/3
   262 | D:1      | Reached XP level 2. HP: 19/20 MP: 1/5
   309 | D:1      | Learned a level 2 spell: Poisonous Vapours
   881 | D:2      | Noticed a bullfrog
   892 | D:2      | Killed a bullfrog
   892 | D:2      | Reached skill level 1 in Air Magic
   892 | D:2      | Reached skill level 4 in Poison Magic
   892 | D:2      | Reached XP level 3. HP: 24/26 MP: 1/6
   892 | D:2      | Reached XP level 4. HP: 31/33 MP: 1/7
  1323 | D:2      | Found a radiant altar of Vehumet.
  1328 | D:2      | Became a worshipper of Vehumet
  1479 | D:2      | Learned a level 3 spell: Mephitic Cloud
  2299 | D:2      | Reached XP level 5. HP: 38/38 MP: 6/9
  2743 | D:3      | Found an iron altar of Okawaru.
  2897 | D:3      | Noticed Jessica
  2903 | D:3      | Killed Jessica
  2903 | D:3      | Reached skill level 1 in Conjurations
  3034 | D:3      | Reached skill level 5 in Poison Magic
  3270 | D:3      | Reached * piety under Vehumet
  3270 | D:3      | Offered knowledge of Freeze by Vehumet.
  3276 | D:3      | Reached XP level 6. HP: 45/45 MP: 0/11
  3832 | D:4      | Noticed an orc warrior
  4006 | D:4      | Learned a level 4 spell: Olgreb's Toxic Radiance
  4020 | D:3      | Killed from afar by an orc wizard

Levels and vault maps discovered:
D:1:      grunt_arrival_lava_bath, layout_basic
D:2:      layout_basic, lemuel_doored_altar, serial_forest,
          infiniplex_forest_clump_small, infiniplex_forest_join,
          infiniplex_forest_lined_ring, infiniplex_forest_lined_2,
          infiniplex_forest_clump_long, infiniplex_forest_clump_tiny,
          infiniplex_forest_straight_5, kennysheep_donut
D:3:      layout_basic, lemuel_crystal_altar, first_ration,
          minmay_fractal_squares_5, uniq_jessica
D:4:      layout_cave_pools, lemuel_zombie_altar_kikubaaqudgha,
          dancing_weapons_uskayaw, nicolae_overflow_crystal_walls,
          minmay_temple_entry_mist, uniq_natasha

Skill      XL: |  1  2  3  4  5  6 |
---------------+-------------------+-----
Air Magic      | 1 2 |  2.0
Poison Magic   | 4 5 |  5.6
Spellcasting   | 3 |  3.6
Conjurations   | 1 2 |  2.0
Dodging        | |  1.7
Stealth        | |  1.7
Transmutations | |  1.0

Action                   |  1- 3 |  4- 6 || total
-------------------------+-------+-------++-------
Melee: Whip              |     1 |       ||     1
       Dagger            |    17 |   106 ||   123
       Tailslap          |     2 |     7 ||     9
Throw: Dart              |       |     1 ||     1
 Cast: Sting             |    15 |    35 ||    50
       Poisonous Vapours |     8 |    59 ||    67
       Mephitic Cloud    |       |     2 ||     2
  Use: Potion            |       |     1 ||     1
  Eat: Chunk             |     1 |     7 ||     8
       Ration            |       |     2 ||     2
Armor: Skin              |     5 |    48 ||    53
Dodge: Dodged            |    28 |    92 ||   120

Table legend:
 A = Non-vault XP
 B = Vault XP
 C = Vault XP percentage of total XP
 D = Non-vault monster count
 E = Vault monster count
 F = Vault count percentage of total count
                 A         B        C        D         E       F
            +---------+---------+-------+---------+---------+-------
      Total |     499 |      54 |   9.8 |      58 |       6 |   9.4
            +---------+---------+-------+---------+---------+-------
        D:1 |      23 |       0 |   0.0 |      13 |       0 |   0.0
        D:2 |     174 |       0 |   0.0 |      17 |       0 |   0.0
        D:3 |     161 |      54 |  25.1 |      25 |       6 |  19.4
        D:4 |     141 |       0 |   0.0 |       3 |       0 |   0.0
            +---------+---------+-------+---------+---------+-------
